NWL (28 & UNDER)
LA CROSSE LOGGERS @ RIVERSIDE RED BULLS
05/05/2023
 
TOP OF THE 1ST
La Crosse Loggers batting - Pitching for Riverside Red Bulls : RHP José Orozco
Pitching: RHP José Orozco
Batting: LHB Ricardo Ruíz 0-0: Ball
1-0: Bunt for hit - play at first, batter OUT! 1-3
Batting: LHB Oliver Beltrán 0-0: Called Strike
0-1: Ball
1-1: Ball
2-1: Foul Ball, location: 2F
2-2: Ground out 4-3 (Groundball, 4)
Batting: RHB Paul Bailey 0-0: Called Strike
0-1: Ball
1-1: Called Strike
1-2: Strikes out swinging, 2-3 out at first.
Top of the 1st over - 0 run(s), 0 hit(s), 0 error(s), 0 left on base; La Crosse 0 - Riverside 0
BOTTOM OF THE 1ST
Riverside Red Bulls batting - Pitching for La Crosse Loggers : RHP Cisco Vázquez
Pitching: RHP Cisco Vázquez
Batting: RHB Joe Scott 0-0: Called Strike
0-1: Ground out 6-3 (Groundball, 6)
Batting: LHB Aroghetto Dionisotti 0-0: Ball
1-0: Ball
2-0: Ball
3-0: Base on Balls
Batting: LHB Jorge Meléndez 0-0: 2-RUN HOME RUN (Flyball, 9LD), Distance : 405 ft
Batting: SHB Sloan James 0-0: Called Strike
0-1: Called Strike
0-2: Ball
1-2: Ball
2-2: Ball
3-2: Base on Balls
Batting: RHB Chris Osborn 0-0: Ball
1-0: Called Strike
1-1: Ball
2-1: Swinging Strike
2-2: Foul Ball, location: 2F
2-2: Foul Ball, location: 2F
2-2: Ball
3-2: Foul Ball, location: 2F
3-2: Strikes out swinging
Batting: RHB Júlio García 0-0: Called Strike
0-1: Ball
1-1: Fielders Choice at 2nd, 5-4 (Groundball, 56)
Bottom of the 1st over - 2 run(s), 1 hit(s), 0 error(s), 0 left on base; La Crosse 0 - Riverside 2
TOP OF THE 2ND
La Crosse Loggers batting - Pitching for Riverside Red Bulls : RHP José Orozco
Batting: LHB José Santos 0-0: Called Strike
0-1: Swinging Strike
0-2: Strikes out swinging
Batting: RHB Luis Ríos 0-0: Ball
1-0: Ground out 4-3 (Groundball, 13)
Batting: LHB Enrique Tirado 0-0: Called Strike
0-1: Ground out 5-3 (Groundball, 5D)
Top of the 2nd over - 0 run(s), 0 hit(s), 0 error(s), 0 left on base; La Crosse 0 - Riverside 2
BOTTOM OF THE 2ND
Riverside Red Bulls batting - Pitching for La Crosse Loggers : RHP Cisco Vázquez
Batting: RHB Kyle Bacon 0-0: Ball
1-0: Fly out, F5 (Line Drive, 5S)
Batting: RHB Andy Aiton 0-0: Ball
1-0: Ball
2-0: Ball
3-0: Called Strike
3-1: Called Strike
3-2: Base on Balls
Batting: SHB Chun-yeong Kim 0-0: Called Strike
0-1: Swinging Strike
0-2: Foul Ball, location: 2F
0-2: Ball
1-2: Foul Ball, location: 2F
1-2: Foul Ball, location: 2F
1-2: Ball
2-2: Foul Ball, location: 2F
2-2: Strikes out swinging
Batting: RHB Joe Scott 0-0: Called Strike
0-1: Ball
1-1: Called Strike
1-2: Strikes out swinging
Bottom of the 2nd over - 0 run(s), 0 hit(s), 0 error(s), 1 left on base; La Crosse 0 - Riverside 2
TOP OF THE 3RD
La Crosse Loggers batting - Pitching for Riverside Red Bulls : RHP José Orozco
Batting: RHB Fraser Stanton 0-0: Ground out 5-3 (Groundball, 15S)
Batting: RHB Vicente Vélez 0-0: Ground out 5-3 (Groundball, 5)
Batting: RHB Jimmy Smith 0-0: SINGLE (Groundball, 15S) (infield hit)
Batting: LHB Ricardo Ruíz 0-0: Swinging Strike
0-1: Ball
1-1: Foul Ball, location: 2F
1-2: Ball
2-2: Strikes out swinging
Top of the 3rd over - 0 run(s), 1 hit(s), 0 error(s), 1 left on base; La Crosse 0 - Riverside 2
BOTTOM OF THE 3RD
Riverside Red Bulls batting - Pitching for La Crosse Loggers : RHP Cisco Vázquez
Batting: LHB Aroghetto Dionisotti 0-0: Called Strike
0-1: Foul Ball, location: 2F
0-2: Ball
1-2: Ball
2-2: Ball
3-2: Foul Ball, location: 2F
3-2: Fly out, F6 (Popup, 6)
Batting: LHB Jorge Meléndez 0-0: Foul Ball, location: 2F
0-1: Ball
1-1: Ball
2-1: Ball
3-1: Fly out, F8 (Line Drive, 8RM)
Batting: SHB Sloan James 0-0: Ball
1-0: Called Strike
1-1: Foul Ball, location: 2F
1-2: Ball
2-2: Ball
3-2: Base on Balls
Batting: RHB Chris Osborn 0-0: Fly out, F4 (Popup, 3D)
Bottom of the 3rd over - 0 run(s), 0 hit(s), 0 error(s), 1 left on base; La Crosse 0 - Riverside 2
TOP OF THE 4TH
La Crosse Loggers batting - Pitching for Riverside Red Bulls : RHP José Orozco
Batting: LHB Oliver Beltrán 0-0: Foul Ball, location: 2F
0-1: Foul Ball, location: 2F
0-2: Foul Ball, location: 2F
0-2: Ground out 4-3 (Groundball, 4)
Batting: RHB Paul Bailey 0-0: Foul Ball, location: 2F
0-1: Ball
1-1: Ball
2-1: Foul Ball, location: 2F
2-2: Strikes out swinging
Batting: LHB José Santos 0-0: SOLO HOME RUN (Flyball, 9D), Distance : 408 ft
Batting: RHB Luis Ríos 0-0: Ground out 6-3 (Groundball, 6)
Top of the 4th over - 1 run(s), 1 hit(s), 0 error(s), 0 left on base; La Crosse 1 - Riverside 2
BOTTOM OF THE 4TH
Riverside Red Bulls batting - Pitching for La Crosse Loggers : RHP Cisco Vázquez
Batting: RHB Júlio García 0-0: Ball
1-0: Called Strike
1-1: Called Strike
1-2: Ground out 5-3 (Groundball, 5)
Batting: RHB Kyle Bacon 0-0: Ball
1-0: Ball
2-0: Ball
3-0: Base on Balls
Batting: RHB Andy Aiton 0-0: Ball
1-0: Fielders Choice at 2nd, 4-6 (Groundball, 4M)
Batting: SHB Chun-yeong Kim 0-0: Ball
1-0: Ball
2-0: Foul Ball, location: 2F
2-1: Ball
3-1: Base on Balls
Andy Aiton to second
Batting: RHB Joe Scott 0-0: Ball
1-0: Foul Ball, location: 2F
1-1: Swinging Strike
1-2: Ball
2-2: Fly out, F9 (Flyball, 9M)
Bottom of the 4th over - 0 run(s), 0 hit(s), 0 error(s), 2 left on base; La Crosse 1 - Riverside 2
TOP OF THE 5TH
La Crosse Loggers batting - Pitching for Riverside Red Bulls : RHP José Orozco
Batting: LHB Enrique Tirado 0-0: Ball
1-0: Called Strike
1-1: Swinging Strike
1-2: Ball
2-2: Foul Ball, location: 2F
2-2: Strikes out looking
Batting: RHB Fraser Stanton 0-0: Swinging Strike
0-1: Swinging Strike
0-2: Ground out 6-3 (Groundball, 6M)
Batting: RHB Vicente Vélez 0-0: Called Strike
0-1: Ball
1-1: Ball
2-1: SINGLE (Flyball, 8LS)
Batting: RHB Jimmy Smith 0-0: Called Strike
0-1: Fly out, F9 (Flyball, 9M)
Top of the 5th over - 0 run(s), 1 hit(s), 0 error(s), 1 left on base; La Crosse 1 - Riverside 2
BOTTOM OF THE 5TH
Riverside Red Bulls batting - Pitching for La Crosse Loggers : RHP Cisco Vázquez
Batting: LHB Aroghetto Dionisotti 0-0: Ball
1-0: Called Strike
1-1: Ball
2-1: Foul Ball, location: 2F
2-2: Ball
3-2: Strikes out swinging
Batting: LHB Jorge Meléndez 0-0: Ball
1-0: Foul Ball, location: 2F
1-1: Called Strike
1-2: Strikes out swinging
Batting: SHB Sloan James 0-0: Fly out, F9 (Flyball, 89S)
Bottom of the 5th over - 0 run(s), 0 hit(s), 0 error(s), 0 left on base; La Crosse 1 - Riverside 2
TOP OF THE 6TH
La Crosse Loggers batting - Pitching for Riverside Red Bulls : RHP José Orozco
Batting: LHB Ricardo Ruíz 0-0: Ball
1-0: Foul Ball, location: 2F
1-1: Ball
2-1: Foul Ball, location: 2F
2-2: Ball
3-2: Ground out U3 (Groundball, 3)
Batting: LHB Oliver Beltrán 0-0: Swinging Strike
0-1: Ball
1-1: Ball
2-1: Ground out 1-3 (Groundball, 25)
Batting: RHB Paul Bailey 0-0: Foul Ball, location: 2F
0-1: Ball
1-1: Ball
2-1: Foul Ball, location: 2F
2-2: Foul Ball, location: 2F
2-2: Fly out, F6 (Popup, 6MD)
Top of the 6th over - 0 run(s), 0 hit(s), 0 error(s), 0 left on base; La Crosse 1 - Riverside 2
BOTTOM OF THE 6TH
Riverside Red Bulls batting - Pitching for La Crosse Loggers : RHP Cisco Vázquez
Pitching: LHP Nathan Ortíz
Batting: RHB Chris Osborn 0-0: Ball
1-0: Ball
2-0: DOUBLE (Flyball, 8RD)
Batting: RHB Júlio García 0-0: Foul Ball, location: 2F
0-1: Ground out 1-3 (Groundball, 15)
Batting: RHB Kyle Bacon 0-0: Intentional Walk
Batting: RHB Andy Aiton 0-0: Reached on error, E4 (Groundball, 4)
Chris Osborn to third
Kyle Bacon to second
Batting: SHB Chun-yeong Kim 0-0: Ball
1-0: DOUBLE (Groundball, 5L)
Chris Osborn scores
Kyle Bacon scores
Andy Aiton to third
Batting: RHB Joe Scott 0-0: Ball
1-0: Called Strike
1-1: Foul Ball, location: 2F
1-2: Fly out, F2 (Popup, 2RF)
Batting: LHB Aroghetto Dionisotti 0-0: Ball
1-0: Swinging Strike
1-1: SINGLE (Groundball, 34)
Andy Aiton scores
Chun-yeong Kim to third
Runner from 3rd tries for Home, SAFE, no throw or cutoff
Pitching: RHP David Washington
Batting: LHB Jorge Meléndez 0-0: Ball
1-0: Fly out, F7 (Line Drive, 7M)
Bottom of the 6th over - 4 run(s), 3 hit(s), 1 error(s), 1 left on base; La Crosse 1 - Riverside 6
TOP OF THE 7TH
La Crosse Loggers batting - Pitching for Riverside Red Bulls : RHP José Orozco
Batting: LHB José Santos 0-0: Called Strike
0-1: Ball
1-1: Ball
2-1: Ground out 4-3 (Groundball, 4)
Batting: RHB Luis Ríos 0-0: Ball
1-0: Ball
2-0: Ground out 5-3 (Groundball, 5S)
Batting: LHB Enrique Tirado 0-0: Called Strike
0-1: Ground out 4-3 (Groundball, 4)
Top of the 7th over - 0 run(s), 0 hit(s), 0 error(s), 0 left on base; La Crosse 1 - Riverside 6
BOTTOM OF THE 7TH
Riverside Red Bulls batting - Pitching for La Crosse Loggers : RHP David Washington
Batting: SHB Sloan James 0-0: Ball
1-0: Ball
2-0: Foul Ball, location: 2F
2-1: Ball
3-1: Called Strike
3-2: Ground out U3 (Groundball, 3L)
Batting: RHB Chris Osborn 0-0: Ball
1-0: Called Strike
1-1: Foul Ball, location: 2F
1-2: SINGLE (Groundball, 4MD)
Batting: RHB Júlio García 0-0: Fly out, F8 (Flyball, 8LXD)
Batting: RHB Kyle Bacon 0-0: Called Strike
0-1: Swinging Strike
0-2: Strikes out swinging
Bottom of the 7th over - 0 run(s), 1 hit(s), 0 error(s), 1 left on base; La Crosse 1 - Riverside 6
TOP OF THE 8TH
La Crosse Loggers batting - Pitching for Riverside Red Bulls : RHP José Orozco
Batting: RHB Fraser Stanton 0-0: Called Strike
0-1: Ground out 6-3 (Groundball, 6)
Batting: RHB Vicente Vélez 0-0: Called Strike
0-1: Ground out 5-3 (Groundball, 56)
Batting: RHB Jimmy Smith 0-0: Ball
1-0: Called Strike
1-1: Called Strike
1-2: Fly out, F3 (Popup, 34D)
Top of the 8th over - 0 run(s), 0 hit(s), 0 error(s), 0 left on base; La Crosse 1 - Riverside 6
BOTTOM OF THE 8TH
Riverside Red Bulls batting - Pitching for La Crosse Loggers : RHP David Washington
Batting: RHB Andy Aiton 0-0: Called Strike
0-1: Called Strike
0-2: Ball
1-2: SINGLE (Line Drive, 34D)
Batting: SHB Chun-yeong Kim 0-0: Bunt missed!
0-1: Ball
1-1: Bunted foul
1-2: Ball
2-2: DOUBLE (Groundball, 3L)
Andy Aiton to third
Batting: RHB Joe Scott 0-0: Ball
1-0: Foul Ball, location: 2F
1-1: Foul Ball, location: 2F
1-2: Foul Ball, location: 2F
1-2: Strikes out swinging
Batting: LHB Aroghetto Dionisotti 0-0: Ball
1-0: Ball
2-0: Called Strike
2-1: Ball
3-1: Base on Balls
Batting: LHB Jorge Meléndez 0-0: SINGLE (Groundball, 25) (infield hit)
Andy Aiton scores
Chun-yeong Kim to third
Aroghetto Dionisotti to second
Batting: SHB Sloan James 0-0: Ball
1-0: Ball
2-0: DOUBLE (Line Drive, 8RXD)
Chun-yeong Kim scores
Aroghetto Dionisotti scores
Jorge Meléndez to third
Runner from 3rd tries for Home, SAFE, throw made home
Pitching: RHP Andy Parker
Batting: RHB Chris Osborn 0-0: Ball
1-0: Ball
2-0: Swinging Strike
2-1: Ball
3-1: Foul Ball, location: 2F
3-2: Ground out 5-3 (Groundball, 56S)
Sloan James to third
Batting: RHB Júlio García 0-0: Fly out, F7 (Flyball, 7D)
Bottom of the 8th over - 4 run(s), 4 hit(s), 0 error(s), 1 left on base; La Crosse 1 - Riverside 10
TOP OF THE 9TH
La Crosse Loggers batting - Pitching for Riverside Red Bulls : RHP José Orozco
Now at 2B: Soshu Nakamura
Batting: LHB Ricardo Ruíz 0-0: Ball
1-0: Foul Ball, location: 2F
1-1: Ball
2-1: Foul Ball, location: 2F
2-2: Strikes out swinging
Batting: LHB Oliver Beltrán 0-0: Foul Ball, location: 2F
0-1: Ground out 4-3 (Groundball, 4)
Batting: RHB Paul Bailey 0-0: Called Strike
0-1: Ball
1-1: Ball
2-1: Ball
3-1: Called Strike
3-2: Base on Balls
Pitching: RHP Wayne Barksdale
Batting: LHB José Santos 0-0: Foul Ball, location: 2F
0-1: Called Strike
0-2: Strikes out swinging
Top of the 9th over - 0 run(s), 0 hit(s), 0 error(s), 1 left on base; La Crosse 1 - Riverside 10
This league is powered by Out of the Park Baseball, the baseball management simulation game for PC, Mac and Linux
Wednesday, December 2nd, 2015 - OOTP Baseball 16.8 Build 38